 Dungeon Crawl Stone Soup version 0.27-a0-592-g0306a34022 (webtiles) character file.

Game seed: 11659791993046600171

10173 siradein the Spear-Bearer (level 11, -7/74 HPs)
             Began as a Demonspawn Gladiator on Mar 11, 2021.
             Was an Elder of Qazlal.
             Mangled by a boulder beetle (26 damage)
             ... on level 11 of the Dungeon.
             The game lasted 00:52:02 (14094 turns).

siradein the Spear-Bearer (Demonspawn Gladiator)   Turns: 14094, Time: 00:52:02

Health: -7/74      AC: 24    Str: 17    XL:     11   Next: 32%
Magic:  0/26       EV:  5    Int:  9    God:    Qazlal [****..]
Gold:   454        SH: 15    Dex: 22    Spells: 12/12 levels left

rFire    . . .     SeeInvis .   a - +4 trident (vamp)
rCold    . . .     Faith    .   j - +2 kite shield
rNeg     . . .     Spirit   +   v - +0 plate armour
rPois    .         Reflect  .   q - +2 hat
rElec    .         Harm     .   N - +2 cloak
rCorr    .         Rampage  .   F - +2 pair of gloves
Will     .....                  (no boots)
Stlth    ..........             m - amulet of guardian spirit
HPRegen  0.22/turn              H - ring of magical power
MPRegen  0.40/turn              n - +6 ring of dexterity

@: repel missiles
A: hooves 1, yellow scales 2, spiny 2, magic regeneration
a: Renounce Religion, Upheaval, Elemental Force


You were on level 11 of the Dungeon.
You worshipped Qazlal.
Qazlal was greatly pleased with you.
You visited 2 branches of the dungeon, and saw 12 of its levels.

You collected 683 gold pieces.
You spent 229 gold pieces at shops.

Inventory:

Hand Weapons
 a - a +4 vampiric trident (weapon)
 t - a +3 halberd
Missiles
 d - 5 throwing nets
 l - 53 poisoned darts
 p - 12 javelins (quivered)
 E - 6 atropa-tipped darts
 J - a curare-tipped dart
Armour
 j - a +2 kite shield (worn)
 q - a +2 hat (worn)
 v - a +0 plate armour (worn)
 F - a +2 pair of gloves (worn)
 N - a +2 cloak (worn)
Jewellery
 m - an amulet of guardian spirit (around neck)
 n - a +6 ring of dexterity (left hand)
 o - a +6 ring of strength
 H - a ring of magical power (right hand)
 O - an amulet of the acrobat
Wands
 y - a wand of random effects (22)
 I - a wand of acid (24)
 K - a wand of flame (21)
 L - a wand of mindburst (17)
Scrolls
 b - a scroll of noise {unknown}
 f - 6 scrolls of magic mapping
 g - 7 scrolls of teleportation
 r - 4 scrolls of immolation
 u - 2 scrolls of fog {unknown}
 x - 2 scrolls of amnesia {unknown}
 A - 2 scrolls of random uselessness {unknown}
 C - 2 scrolls of blinking {unknown}
Potions
 c - a potion of resistance
 e - 4 potions of curing
 i - 3 potions of invisibility
 k - a potion of lignification
 s - a potion of might
 w - 2 potions of flight
 z - a potion of haste
 B - a potion of brilliance
 D - 2 potions of berserk rage
 G - a potion of heal wounds
 M - a potion of magic


   Skills:
 + Level 2.6 Fighting
 + Level 12.6 Polearms
 - Level 1.7 Throwing
 + Level 5.7 Armour
 + Level 6.5 Dodging
 + Level 0.0 Shields
 - Level 1.2 Spellcasting
 + Level 8.4 Invocations


You had 12 spell levels left.
You didn't know any spells.
Your spell library was empty.

Dungeon Overview and Level Annotations

Branches:
Dungeon (11/15)            Temple (1/1) D:4            Lair (0/6) D:10
    Orc (0/2) D:10

Altars:
Ashenzari
Cheibriados
Dithmenos
Elyvilon
Fedhas
Gozag
Hepliaklqana
Kikubaaqudgha
Makhleb
Nemelex Xobeh
Okawaru
Qazlal
Ru
Sif Muna
Trog
Uskayaw
Vehumet
Wu Jian
Xom
Yredelemnul
Zin
The Shining One

Shops:
D:10 ?


Innate Abilities, Weirdness & Mutations

You have large cloven feet.
You are mostly covered in yellow scales. (AC +3)
You are mostly covered in sharp spines.
You regenerate magic rapidly.


Message History

The boulder beetle is heavily wounded.
The boulder beetle leaps!
The boulder beetle leaps!
You start resting.
A boulder beetle is nearby!
You start resting.
A boulder beetle is nearby!
You block the boulder beetle's attack.
You hit the boulder beetle.
You feel better.
You kick the boulder beetle.
The boulder beetle is moderately wounded.
The boulder beetle bites you!
You hit the boulder beetle but do no damage.
The boulder beetle is moderately wounded.
The boulder beetle is struck by your spines.
The boulder beetle bites you!
You hit the boulder beetle but do no damage.
You kick the boulder beetle, but do no damage.
The boulder beetle is moderately wounded.
The boulder beetle bites you but does no damage.
You hit the boulder beetle but do no damage.
The boulder beetle is moderately wounded.
You block the boulder beetle's attack.
You hit the boulder beetle but do no damage.
You kick the boulder beetle, but do no damage.
The boulder beetle is moderately wounded.
The boulder beetle bites you but does no damage.
You hit the boulder beetle but do no damage.
You kick the boulder beetle, but do no damage.
The boulder beetle is moderately wounded.
The boulder beetle is struck by your spines.
The boulder beetle bites you!
* * * LOW HITPOINT WARNING * * *
You hit the boulder beetle but do no damage.
You kick the boulder beetle, but do no damage.
The boulder beetle is heavily wounded.
The boulder beetle is struck by your spines.
The boulder beetle bites you but does no damage.
The boulder beetle curls into a ball and begins rolling!
The boulder beetle hits you!!!
You die...

###.# #.#
#.#......#
#.# #.# #.#
#.#.######
#.# #.# #.#
#.#†# #.# #.#
#.#.# #.# #.#
#.# #.#
#####.#####
#<#########.#
#.........#
#...........#
#.#######.#
#...........#
#.# #@#
###########.#
#.# #B# #.#
#.# #○# #.#
#.# #°#
###.## #.#
#°# #...[.
#.#######.#
##.###.
#.........#
#..# #.
#####.#####
##..###. #.#
#.......


You could see a boulder beetle.

Vanquished Creatures
  Erolcha (D:10)
  2 cyclopes (D:11)
  The ghost of sahdkjhfkaj the Sneak, an amateur NaAr (D:5)
  13 yaks
  4 basilisks (D:10)
  2 wyverns
  4 water moccasins (D:10)
  2 ice beasts
  3 orc warriors
  A black bear (D:10)
  3 sky beasts
  2 ogres (D:7)
  An eye of draining (D:8)
  7 centaurs
  A kobold brigand (D:9)
  5 phantoms
  6 bullfrogs
  A gnoll sergeant (D:11)
  2 scorpions
  8 killer bees
  4 wights (D:9)
  5 howler monkeys
  2 centaur zombies
  4 hounds
  2 quasits
  9 orc priests
  2 jellies
  2 bullfrog skeletons
  13 orc wizards
  2 iguanas
  9 worker ants
  A hound zombie (D:10)
  3 hound skeletons
  A worker ant zombie (D:9)
  15 gnolls
  A howler monkey skeleton (D:3)
  16 adders
  2 shadow imps
  3 white imps
  An ufetubus (D:5)
  3 oozes
  2 adder zombies (D:9)
  An adder skeleton (D:4)
  4 worms
  3 dart slugs
  5 leopard geckos
  31 orcs
  4 bats
  3 giant cockroaches
  8 goblins
  10 hobgoblins
  11 jackals
  5 quokkas
  A ball python (D:5)
  7 frilled lizards
  16 kobolds
  A leopard gecko zombie (D:5)
  4 rats
285 creatures vanquished.

Vanquished Creatures (others)
  A fungus (D:10)
  25 plants
26 creatures vanquished.

Grand Total: 311 creatures vanquished

Notes
Turn   | Place    | Note
-------+----------+-------------------------------------------
     0 | D:1      | siradein the Demonspawn Gladiator began the quest for the
                  | Orb.
     0 | D:1      | Reached XP level 1. HP: 16/16 MP: 1/1
    85 | D:1      | Reached skill level 3 in Polearms
   227 | D:1      | Gained mutation: You are partially covered in sharp spines.
                  | [demonic ancestry]
   227 | D:1      | Reached XP level 2. HP: 11/22 MP: 2/2
   819 | D:2      | Gained mutation: You are partially covered in yellow
                  | scales. (AC +2) [demonic ancestry]
   819 | D:2      | Reached XP level 3. HP: 22/27 MP: 3/3
   844 | D:2      | Reached skill level 4 in Polearms
  1215 | D:2      | Gained mutation: You regenerate magic rapidly. [demonic
                  | ancestry]
  1215 | D:2      | Reached XP level 4. HP: 33/33 MP: 4/4
  1938 | D:3      | Reached skill level 5 in Polearms
  1944 | D:3      | Found a faded altar of an unknown god.
  2278 | D:3      | Found a broken altar of Ashenzari.
  2312 | D:3      | Found a stormy altar of Qazlal.
  2420 | D:3      | Gained mutation: You have large cloven feet. [demonic
                  | ancestry]
  2420 | D:3      | Reached XP level 5. HP: 38/38 MP: 5/5
  3350 | D:4      | Reached skill level 6 in Polearms
  3462 | D:4      | Reached XP level 6. HP: 38/44 MP: 4/6
  3591 | D:4      | Found a staircase to the Ecumenical Temple.
  3605 | Temple   | Entered the Ecumenical Temple
  3907 | D:3      | Became a worshipper of Qazlal Stormbringer
  4166 | D:4      | Reached skill level 7 in Polearms
  4436 | D:5      | Entered Level 5 of the Dungeon
  4494 | D:5      | You fall into a shaft and drop 3 floors!
  4494 | D:8      | Found a radiant altar of Vehumet.
  4556 | D:8      | Noticed a sky beast
  4562 | D:8      | Killed a sky beast
  4563 | D:8      | Gained mutation: You are mostly covered in sharp spines.
                  | [demonic ancestry]
  4563 | D:8      | Reached XP level 7. HP: 50/50 MP: 7/7
  4725 | D:7      | Reached skill level 8 in Polearms
  5090 | D:7      | Reached skill level 9 in Polearms
  5090 | D:7      | Reached XP level 8. HP: 41/56 MP: 8/8
  5485 | D:7      | Reached * piety under Qazlal
  5501 | D:7      | Reached skill level 10 in Polearms
  6491 | D:6      | Reached skill level 11 in Polearms
  6500 | D:6      | Reached XP level 9. HP: 61/61 MP: 9/9
  6568 | D:6      | HP: 2/61 [orc priest/divine providence (6)]
  7808 | D:5      | Noticed sahdkjhfkaj's ghost (amateur NaAr)
  7814 | D:5      | Found a transporter.
  7825 | D:5      | Found a transporter.
  7985 | D:5      | Reached skill level 1 in Invocations
  8124 | D:5      | Reached skill level 1 in Armour
  8247 | D:5      | Reached ** piety under Qazlal
  9112 | D:5      | Killed sahdkjhfkaj's ghost
  9727 | D:8      | Found a stormy altar of Qazlal.
 10201 | D:9      | Found a sacrificial altar of Ru.
 10748 | D:9      | Reached *** piety under Qazlal
 10749 | D:9      | Gained mutation: You are mostly covered in yellow scales.
                  | (AC +3) [demonic ancestry]
 10749 | D:9      | Reached XP level 10. HP: 59/67 MP: 11/13
 10913 | D:9      | Reached skill level 5 in Invocations
 11204 | D:10     | Entered Level 10 of the Dungeon
 11258 | D:10     | Noticed Erolcha
 11285 | D:10     | Killed Erolcha
 11286 | D:10     | Reached skill level 12 in Polearms
 11286 | D:10     | Reached skill level 5 in Dodging
 11556 | D:10     | Reached **** piety under Qazlal
 11715 | D:10     | Found Kack's Magic Scroll Boutique.
 11728 | D:10     | Bought a scroll of identify for 34 gold pieces
 11728 | D:10     | Bought a scroll of identify for 34 gold pieces
 11728 | D:10     | Bought a scroll of enchant armour for 127 gold pieces
 11728 | D:10     | Bought a scroll of identify for 34 gold pieces
 11870 | D:10     | Found a staircase to the Orcish Mines.
 11945 | D:10     | Reached skill level 5 in Armour
 12167 | D:10     | Found a staircase to the Lair.
 12384 | D:11     | Noticed a cyclops
 12485 | D:11     | Reached XP level 11. HP: 72/72 MP: 16/16
 12915 | D:11     | Noticed a boulder beetle
 13482 | D:11     | Noticed a boulder beetle
 13691 | D:11     | Reached skill level 1 in Spellcasting
 14094 | D:11     | Mangled by a boulder beetle

Illustrated notes

Levels and vault maps discovered:
D:1:      ncdulo_smallfort, layout_rooms, eino_curves_02
D:2:      layout_rooms, minmay_quantized
D:3:      layout_loops_corners, gammafunk_temple_overflow_pools,
          chequers_ecumenical_altar_simple_redux
D:4:      layout_basic, minmay_temple_entry_glass
D:5:      cheibrodos_two_vegetables, layout_basic, gammafunk_ghost_arena,
          minivault_4, minmay_small_thing
D:6:      layout_layer_cave
D:7:      minmay_thinvault, layout_basic
D:8:      layout_basic, vehumet_crystals, grunt_qazlal_sundering
D:9:      layout_basic, kennysheep_mini_moat,
          nicolae_ru_great_annihilating_truth
D:10:     layout_irregular_city, minmay_lair_entry_grove, orc_0_dummy,
          serial_shops, shop_statue, uniq_erolcha
D:11:     layout_loops_ring
Temple:   hc_temple_tempest_star

Skill      XL: |  1  2  3  4  5  6  7  8  9 10 11 |
---------------+----------------------------------+-----
Polearms       | 3 4 5 6 7 9 11 12 | 12.6
Invocations    | 4 7 8 |  8.4
Armour         | 3 5 |  5.7
Dodging        | 4 6 |  6.5
Spellcasting   | 1 |  1.2
Fighting       | |  2.6
Throwing       | |  1.7

Action                   |  1- 3 |  4- 6 |  7- 9 | 10-12 || total
-------------------------+-------+-------+-------+-------++-------
Melee: Trident           |    75 |    69 |       |    30 ||   174
       Kick              |       |    40 |   164 |   169 ||   373
       Spear             |       |    56 |   353 |   250 ||   659
       Halberd           |       |     6 |       |    76 ||    82
  Use: Scroll            |       |     8 |     4 |    16 ||    28
       Potion            |       |       |     3 |       ||     3
 Stab: Invisible         |       |       |     1 |       ||     1
       Paralysed         |       |       |     1 |       ||     1
Armor: Leather armour    |    13 |       |       |       ||    13
       Ring mail         |       |    40 |     9 |       ||    49
       Robe              |       |     4 |       |       ||     4
       Plate armour      |       |       |    88 |   130 ||   218
Dodge: Dodged            |    42 |    59 |    97 |    66 ||   264
       Repelled          |       |       |       |     1 ||     1
Block: Other             |       |       |    15 |    37 ||    52
       Kite shield       |       |       |       |    11 ||    11

Table legend: (Time is in decaauts)
 A = Elapsed time spent in this place.
 B = Non-inter-level travel time spent in this place.
 C = Inter-level travel time spent in this place.
 D = Time resting spent in this place.
 E = Time spent auto-exploring this place.
 F = Levels seen in this place.
 G = Mean time per level.
                   A        B        C        D        E       F      G
               +--------+--------+--------+--------+--------+-----+--------+
         Total |  13871 |  13394 |    477 |   1544 |   9012 |  12 | 1155.9 |
       Dungeon |  13725 |  13260 |    465 |   1540 |   8883 |  11 | 1247.7 |
        Temple |    145 |    133 |     12 |      4 |    129 |   1 |  145.0 |
               +--------+--------+--------+--------+--------+-----+--------+

Top non-repeatable levels by time:
    D:10: 1892 daAuts
     D:6: 1716 daAuts
     D:3: 1696 daAuts
     D:5: 1647 daAuts
     D:7: 1427 daAuts
     D:9: 962 daAuts
     D:4: 961 daAuts
    D:11: 898 daAuts
     D:8: 872 daAuts
     D:2: 859 daAuts
     D:1: 791 daAuts
  Temple: 145 daAuts
